NYP
AUBURN DOUBLEDAYS @ WILLIAMSPORT CROSSCUTTERS
09/24/2045
 
TOP OF THE 1ST
Auburn Doubledays batting - Pitching for Williamsport Crosscutters : RHP Justin Ashton
Pitching: RHP Justin Ashton
Batting: RHB John Savard 0-0: Ball
1-0: Ball
2-0: Ball
3-0: Called Strike
3-1: SINGLE (Line Drive, 78S, EV 98.1 MPH)
Batting: RHB Derek Moran 0-0: Ball
John Savard steals 2nd base
1-0: Ground out 5-3 (Groundball, 56S, EV 81.9 MPH)
Batting: LHB Nate Melendez 0-0: Called Strike
0-1: Ball
1-1: Ground out U3 (Groundball, 13, EV 84.4 MPH)
John Savard to third
Batting: RHB Slavik Nebrodov 0-0: Ground out 5-3 (Groundball, 5L, EV 104.4 MPH)
Top of the 1st over - 0 runs, 1 hit, 0 errors, 1 left on base; Auburn 0 - Williamsport 0
BOTTOM OF THE 1ST
Williamsport Crosscutters batting - Pitching for Auburn Doubledays : LHP Peni Keli'i
Pitching: LHP Peni Keli'i
Batting: RHB Tony Perez 0-0: Ball
1-0: Ball
2-0: Ball
3-0: Called Strike
3-1: Base on Balls
Batting: RHB Joe Hewitt 0-0: Foul Ball, location: 2F
0-1: SINGLE (Line Drive, 9S, EV 96.2 MPH)
Tony Perez to second
Runner from 2nd tries for 3rd, SAFE, throw by RF made to third
Batting: RHB Alan Weller 0-0: Foul Ball, location: 2F
0-1: Called Strike
0-2: Ball
1-2: Foul Ball, location: 2F
1-2: SINGLE (Groundball, 25, EV 68.1 MPH) (infield hit)
Joe Hewitt to second
Batting: RHB Allen Gravel 0-0: Called Strike
0-1: Called Strike
0-2: Ball
1-2: Ball
2-2: Ball
3-2: Base on Balls
Tony Perez scores
Joe Hewitt to third
Alan Weller to second
Batting: RHB Jake Cox 0-0: Ball
1-0: Called Strike
1-1: Foul Ball, location: 2F
1-2: Fly out, F6 (Flyball, 6MD, EV 93.8 MPH)
Batting: LHB Eric Farren 0-0: Ball
1-0: Foul Ball, location: 2F
1-1: Grounds into double play, 5-4-3 (Groundball, 5, EV 111.2 MPH)
Bottom of the 1st over - 1 run, 2 hits, 0 errors, 2 left on base; Auburn 0 - Williamsport 1
TOP OF THE 2ND
Auburn Doubledays batting - Pitching for Williamsport Crosscutters : RHP Justin Ashton
Batting: RHB Steve Bauman 0-0: Ball
1-0: Ball
2-0: Fly out, F6 (Flyball, 56D, EV 82.5 MPH)
Batting: RHB Naofumi Ishida 0-0: Ground out 6-3 (Groundball, 6, EV 80.0 MPH)
Batting: RHB Antonio Morado 0-0: Called Strike
0-1: Foul Ball, location: 2F
0-2: Strikes out swinging
Top of the 2nd over - 0 runs, 0 hits, 0 errors, 0 left on base; Auburn 0 - Williamsport 1
BOTTOM OF THE 2ND
Williamsport Crosscutters batting - Pitching for Auburn Doubledays : LHP Peni Keli'i
Batting: RHB Jose Corral 0-0: Swinging Strike
0-1: Ball
1-1: Called Strike
1-2: Ball
2-2: Fly out, F8 (Flyball, 8LS, EV 86.9 MPH)
Batting: RHB Ken Gadberry 0-0: Ground out U3 (Groundball, 34S, EV 79.4 MPH)
Batting: RHB Jimmy Misener 0-0: Ball
1-0: Ball
2-0: Called Strike
2-1: Ball
3-1: Base on Balls
Batting: RHB Tony Perez 0-0: Ball
1-0: Foul Ball, location: 2F
1-1: Ball
2-1: Ball
3-1: Foul Ball, location: 2F
3-2: Foul Ball, location: 2F
3-2: Foul Ball, location: 2F
3-2: Base on Balls
Jimmy Misener to second
Batting: RHB Joe Hewitt 0-0: Ball
1-0: Called Strike
1-1: Foul Ball, location: 2F
1-2: Ball
2-2: DOUBLE (Line Drive, 3D, EV 98.8 MPH)
Jimmy Misener scores
Tony Perez to third
Runner from 3rd tries for Home, SAFE, throw by RF to home
Batting: RHB Alan Weller 0-0: Ball
1-0: Ball
2-0: Called Strike
2-1: Ground out U3 (Groundball, 3, EV 86.2 MPH)
Bottom of the 2nd over - 2 runs, 1 hit, 0 errors, 1 left on base; Auburn 0 - Williamsport 3
TOP OF THE 3RD
Auburn Doubledays batting - Pitching for Williamsport Crosscutters : RHP Justin Ashton
Batting: RHB Scott Skoglund 0-0: Foul Ball, location: 2F
0-1: Ball
1-1: Ball
2-1: Ball
3-1: Base on Balls
Batting: SHB Alex Medina 0-0: Ball
1-0: Ball
2-0: Foul Ball, location: 2F
2-1: Called Strike
2-2: Fielders Choice at 2nd, 4-6 (Groundball, 4, EV 83.8 MPH)
Batting: RHB John Savard 0-0: Swinging Strike
0-1: Fielders Choice at 2nd, 4-6 (Groundball, 4, EV 108.8 MPH)
Batting: RHB Derek Moran 0-0: Called Strike
John Savard steals 2nd base
0-1: SINGLE (Line Drive, 78S, EV 86.9 MPH)
John Savard to third
Runner from 3rd tries for Home, SAFE, throw by CF to home
Batting: LHB Nate Melendez 0-0: Ball
Derek Moran steals 2nd, throwing error, E2
Derek Moran to third
1-0: Called Strike
1-1: Swinging Strike
1-2: Ball
2-2: Ground out 5-3 (Groundball, 56, EV 95.6 MPH)
Top of the 3rd over - 1 run, 1 hit, 1 error, 1 left on base; Auburn 1 - Williamsport 3
BOTTOM OF THE 3RD
Williamsport Crosscutters batting - Pitching for Auburn Doubledays : LHP Peni Keli'i
Batting: RHB Allen Gravel 0-0: Ball
1-0: Ball
2-0: Called Strike
2-1: Ball
3-1: Base on Balls
Batting: RHB Jake Cox 0-0: Fielders Choice at 2nd, 4-6 (Groundball, 4S, EV 89.4 MPH)
Batting: LHB Eric Farren 0-0: Called Strike
0-1: Ball
1-1: Ball
2-1: Called Strike
2-2: Strikes out swinging
Batting: RHB Jose Corral 0-0: Ball
1-0: Ball
2-0: Ground out 6-3 (Groundball, 56D, EV 106.9 MPH)
Bottom of the 3rd over - 0 runs, 0 hits, 0 errors, 1 left on base; Auburn 1 - Williamsport 3
TOP OF THE 4TH
Auburn Doubledays batting - Pitching for Williamsport Crosscutters : RHP Justin Ashton
Batting: RHB Slavik Nebrodov 0-0: Called Strike
0-1: Ball
1-1: Called Strike
1-2: Foul Ball, location: 2F
1-2: Strikes out swinging
Batting: RHB Steve Bauman 0-0: Ground out 5-3 (Groundball, 56, EV 105.6 MPH)
Batting: RHB Naofumi Ishida 0-0: Called Strike
0-1: Ball
1-1: Foul Ball, location: 2F
1-2: Ball
2-2: Foul Ball, location: 2F
2-2: Ball
3-2: Ground out 6-3 (Groundball, 6, EV 84.4 MPH)
Top of the 4th over - 0 runs, 0 hits, 0 errors, 0 left on base; Auburn 1 - Williamsport 3
BOTTOM OF THE 4TH
Williamsport Crosscutters batting - Pitching for Auburn Doubledays : LHP Peni Keli'i
Batting: RHB Ken Gadberry 0-0: Ball
1-0: Ball
2-0: Ball
3-0: Swinging Strike
3-1: Base on Balls
Batting: RHB Jimmy Misener 0-0: Called Strike
0-1: Ball
1-1: Fielders Choice at 2nd, 5-4 (Groundball, 56, EV 104.4 MPH)
Batting: RHB Tony Perez 0-0: Foul Ball, location: 2F
0-1: Fly out, F9 (Flyball, 89XD, EV 88.1 MPH)
Batting: RHB Joe Hewitt 0-0: Ball
1-0: Fly out, F9 (Flyball, 9S, EV 84.4 MPH)
Bottom of the 4th over - 0 runs, 0 hits, 0 errors, 1 left on base; Auburn 1 - Williamsport 3
TOP OF THE 5TH
Auburn Doubledays batting - Pitching for Williamsport Crosscutters : RHP Justin Ashton
Batting: RHB Antonio Morado 0-0: Called Strike
0-1: SINGLE (Groundball, 6M, EV 105.6 MPH) (infield hit)
Batting: RHB Scott Skoglund 0-0: Called Strike
0-1: Ball
1-1: Ball
Antonio Morado is caught stealing 2nd base 2-4
2-1: Swinging Strike
2-2: Foul Ball, location: 2F
2-2: Foul Ball, location: 2F
2-2: Ball
3-2: Fly out, F8 (Flyball, 8RS, EV 76.2 MPH)
Batting: SHB Alex Medina 0-0: Called Strike
0-1: Ball
1-1: Swinging Strike
1-2: Ball
2-2: Foul Ball, location: 2F
2-2: Foul Ball, location: 2F
2-2: DOUBLE (Line Drive, 89D, EV 113.8 MPH) - OUT at third base trying to stretch hit.
Top of the 5th over - 0 runs, 2 hits, 0 errors, 0 left on base; Auburn 1 - Williamsport 3
BOTTOM OF THE 5TH
Williamsport Crosscutters batting - Pitching for Auburn Doubledays : LHP Peni Keli'i
Pitching: RHP Jonathan Arce
Batting: RHB Alan Weller 0-0: Ground out 5-3 (Groundball, 5L, EV 88.8 MPH)
Batting: RHB Allen Gravel 0-0: Called Strike
0-1: Foul Ball, location: 2F
0-2: Ball
1-2: Ground out 5-3 (Groundball, 56S, EV 62.5 MPH)
Batting: RHB Jake Cox 0-0: Called Strike
0-1: Ball
1-1: Ball
2-1: Called Strike
2-2: Ball
3-2: Base on Balls
Batting: LHB Eric Farren 0-0: Ball
Jake Cox steals 2nd base
1-0: Ball
2-0: Swinging Strike
2-1: Ball
3-1: Base on Balls
Batting: RHB Jose Corral 0-0: Called Strike
0-1: Called Strike
0-2: Fly out, F8 (Flyball, 8RS, EV 75.0 MPH)
Bottom of the 5th over - 0 runs, 0 hits, 0 errors, 2 left on base; Auburn 1 - Williamsport 3
TOP OF THE 6TH
Auburn Doubledays batting - Pitching for Williamsport Crosscutters : RHP Justin Ashton
Batting: RHB John Savard 0-0: Ball
1-0: Called Strike
1-1: SINGLE (Line Drive, 3D, EV 96.2 MPH)
Batting: RHB Derek Moran 0-0: Ball
1-0: Called Strike
John Savard steals 2nd base (no throw)
1-1: Ball
2-1: Foul Ball, location: 2F
2-2: Foul Ball, location: 2F
2-2: Ball
3-2: Strikes out looking
Batting: LHB Nate Melendez 0-0: Ball
1-0: Called Strike
1-1: Ground out 4-3 (Groundball, 4, EV 105.6 MPH)
John Savard to third
Pitching: RHP Junzo Fujii
Batting: RHB Slavik Nebrodov 0-0: Foul Ball, location: 2F
0-1: Ball
1-1: Fly out, F9 (Flyball, 9D, EV 93.8 MPH)
Top of the 6th over - 0 runs, 1 hit, 0 errors, 1 left on base; Auburn 1 - Williamsport 3
BOTTOM OF THE 6TH
Williamsport Crosscutters batting - Pitching for Auburn Doubledays : RHP Jonathan Arce
Batting: RHB Ken Gadberry 0-0: Ball
1-0: Swinging Strike
1-1: Ball
2-1: Ball
3-1: Base on Balls
Batting: RHB Jimmy Misener 0-0: Called Strike
Ken Gadberry steals 2nd base
0-1: Swinging Strike
0-2: Ball
1-2: Strikes out looking
Batting: RHB Tony Perez 0-0: Ball
1-0: Ball
2-0: Ball
3-0: Base on Balls
Batting: RHB Joe Hewitt 0-0: Ball
1-0: Ball
2-0: Ball
Wild Pitch!
Ken Gadberry to third
Tony Perez to second
3-0: Base on Balls
Pitching: RHP Halewijn Bos
Batting: RHB Alan Weller 0-0: Foul Ball, location: 2F
0-1: Ball
Passed Ball!
Ken Gadberry scores
Tony Perez to third
Joe Hewitt to second
1-1: Called Strike
1-2: Strikes out swinging
Batting: RHB Allen Gravel 0-0: Ball
Wild Pitch!
Tony Perez scores
Joe Hewitt to third
1-0: Ball
2-0: Foul Ball, location: 2F
2-1: Ball
3-1: Called Strike
3-2: Base on Balls
Batting: RHB Jake Cox 0-0: Called Strike
0-1: Fielders Choice at 2nd, 5-4 (Groundball, 5, EV 108.8 MPH)
Bottom of the 6th over - 2 runs, 0 hits, 0 errors, 2 left on base; Auburn 1 - Williamsport 5
TOP OF THE 7TH
Auburn Doubledays batting - Pitching for Williamsport Crosscutters : RHP Junzo Fujii
Batting: RHB Steve Bauman 0-0: Ball
1-0: Swinging Strike
1-1: Ball
2-1: Fly out, F8 (Flyball, 8LM, EV 91.2 MPH)
Batting: RHB Naofumi Ishida 0-0: Called Strike
0-1: Ball
1-1: Ball
2-1: Foul Ball, location: 2F
2-2: Ball
3-2: Foul Ball, location: 2F
3-2: SINGLE (Groundball, 56, EV 103.8 MPH)
Batting: RHB Antonio Morado 0-0: SINGLE (Groundball, 4MD, EV 95.6 MPH)
Naofumi Ishida to second
Batting: RHB Scott Skoglund 0-0: Ball
Naofumi Ishida steals 3rd base
Antonio Morado to second
1-0: Ground out U3 (Groundball, 34, EV 85.0 MPH)
Naofumi Ishida scores
Antonio Morado to third
Batting: SHB Alex Medina 0-0: Ball
Wild Pitch!
Antonio Morado scores
1-0: Foul Ball, location: 2F
1-1: Foul Ball, location: 2F
1-2: Ball
2-2: Foul Ball, location: 2F
2-2: Ball
3-2: Strikes out swinging
Top of the 7th over - 2 runs, 2 hits, 0 errors, 0 left on base; Auburn 3 - Williamsport 5
BOTTOM OF THE 7TH
Williamsport Crosscutters batting - Pitching for Auburn Doubledays : RHP Halewijn Bos
Pitching: RHP Chris Bonham
Batting: LHB Eric Farren 0-0: Called Strike
0-1: Ball
1-1: Foul Ball, location: 2F
1-2: Fly out, F6 (Line Drive, 6, EV 65.0 MPH)
Batting: RHB Jose Corral 0-0: Called Strike
0-1: Ball
1-1: Ball
2-1: Ground out 4-3 (Groundball, 4, EV 98.8 MPH)
Batting: RHB Ken Gadberry 0-0: SINGLE (Groundball, 6M, EV 104.4 MPH) (infield hit)
Batting: RHB Jimmy Misener 0-0: Called Strike
0-1: Fielders Choice at 2nd, U6 (Groundball, 4MD, EV 85.6 MPH)
Bottom of the 7th over - 0 runs, 1 hit, 0 errors, 1 left on base; Auburn 3 - Williamsport 5
TOP OF THE 8TH
Auburn Doubledays batting - Pitching for Williamsport Crosscutters : RHP Junzo Fujii
Batting: RHB John Savard 0-0: Swinging Strike
0-1: SINGLE (Line Drive, 6M, EV 103.1 MPH)
Pinch Hitting: LHB Vince McLane 0-0: Called Strike
0-1: Swinging Strike
0-2: Strikes out looking
Batting: LHB Nate Melendez Balk!
John Savard to second
0-0: Ground out U3 (Groundball, 3, EV 90.0 MPH)
John Savard to third
Batting: RHB Slavik Nebrodov 0-0: Ball
1-0: Ball
2-0: Fly out, F4 (Flyball, 4D, EV 73.1 MPH)
Top of the 8th over - 0 runs, 1 hit, 0 errors, 1 left on base; Auburn 3 - Williamsport 5
BOTTOM OF THE 8TH
Williamsport Crosscutters batting - Pitching for Auburn Doubledays : RHP Chris Bonham
Pitching: RHP Tim Schultz
Now at 3B: Adam Jacobs
Batting: RHB Tony Perez 0-0: Called Strike
0-1: Foul Ball, location: 2F
0-2: Ball
1-2: Ball
2-2: Strikes out looking
Batting: RHB Joe Hewitt 0-0: Called Strike
0-1: Ball
1-1: Called Strike
1-2: Strikes out swinging
Batting: RHB Alan Weller 0-0: Called Strike
0-1: Fly out, F8 (Line Drive, 8RM, EV 87.5 MPH)
Bottom of the 8th over - 0 runs, 0 hits, 0 errors, 0 left on base; Auburn 3 - Williamsport 5
TOP OF THE 9TH
Auburn Doubledays batting - Pitching for Williamsport Crosscutters : RHP Junzo Fujii
Pitching: RHP Tyler Bach
Batting: RHB Steve Bauman 0-0: Swinging Strike
0-1: Ball
1-1: Called Strike
1-2: Strikes out swinging
Batting: RHB Naofumi Ishida 0-0: Ball
1-0: Foul Ball, location: 2F
1-1: Ball
2-1: Foul Ball, location: 2F
2-2: SINGLE (Flyball, 78S, EV 95.6 MPH)
Batting: RHB Antonio Morado 0-0: Called Strike
0-1: Fielders Choice at 2nd, 3-6 (Groundball, 34S, EV 86.9 MPH)
Batting: RHB Scott Skoglund 0-0: Ball
1-0: Called Strike
1-1: Ball
2-1: Foul Ball, location: 2F
2-2: Fly out, F4 (Popup, 13, EV 83.8 MPH)
Top of the 9th over - 0 runs, 1 hit, 0 errors, 1 left on base; Auburn 3 - Williamsport 5
Wednesday, June 22nd , 2022 - OOTP Baseball 23.4 Build 64